 Dungeon Crawl Stone Soup version 0.28-b1-70-g80dc712255 (webtiles) character file.

Game seed: 9808543326988427338

15344 vvl the Tainter (level 12, -5/136 HPs)
             Began as a Demonspawn Venom Mage on Feb 3, 2022.
             Was a Follower of Kikubaaqudgha.
             Slain by a seven-headed hydra (10 damage)
             ... on level 2 of the Lair of Beasts.
             The game lasted 01:01:34 (19382 turns).

vvl the Tainter (Demonspawn Venom Mage)            Turns: 19382, Time: 01:01:36

Health: -5/136     AC: 26    Str:  8    XL:     12   Next: 0%
Magic:  16/23      EV:  2    Int: 22    God:    Kikubaaqudgha [*.....]
Gold:   683        SH:  5    Dex: 14    Spells: 16/25 levels left

rFire   . . .      SeeInvis .   n - +1 short sword (freeze)
rCold   . . .      Faith    .   J - +0 buckler
rNeg    . . .      Spirit   .   (armour currently unavailable)
rPois   +          Reflect  .   (helmet currently unavailable)
rElec   .          Harm     .   (cloak currently unavailable)
rCorr   .          Rampage  .   (gloves currently unavailable)
Will    .....      NoTele   +   (boots currently unavailable)
Stlth   ++........              (no amulet)
HPRegen 0.32/turn               e - +4 ring of evasion
MPRegen 0.18/turn               (no ring)

@: lethally poisoned (-5 -> -11), tree-form
A: stationary, stasis, torment immunity, boosted hp, (thin metallic scales 2),
demonic guardian 1, powered by death 2, (demonic touch 2)
a: Renounce Religion, Receive Corpses


You were on level 2 of the Lair of Beasts.
You worshipped Kikubaaqudgha.
Kikubaaqudgha was aware of your devotion.
You were a tree.
You visited 3 branches of the dungeon, and saw 13 of its levels.

You collected 683 gold pieces.

Inventory:

Hand Weapons
 h - a +2 vorpal spear
 n - a +1 short sword of freezing (weapon)
 q - a +1 hand axe of freezing
Missiles
 D - a throwing net
Armour
 c - a +0 pair of gloves (melded)
 g - a +2 ring mail of fire resistance (melded)
 J - a +0 buckler (worn)
 K - a +1 hat (melded)
Magical Staves
 v - a staff of death
 z - a staff of conjuration
Jewellery
 a - a ring of fire
 e - a +4 ring of evasion (left branch)
Wands
 m - a wand of digging (12)
 G - a wand of flame (13)
Scrolls
 b - 3 scrolls of teleportation {unknown}
 d - 2 scrolls of magic mapping {unknown}
 f - 2 scrolls of fog {unknown}
 i - a scroll of enchant armour {unknown}
 s - a scroll of amnesia {unknown}
 u - 2 scrolls of immolation {unknown}
 y - a scroll of silence
 B - 2 scrolls of enchant weapon
 E - a scroll of brand weapon
 H - a scroll of summoning {unknown}
 L - a scroll of torment
Potions
 j - a potion of invisibility
 k - 3 potions of haste
 l - a potion of brilliance
 o - a potion of heal wounds {unknown}
 p - 2 potions of cancellation
 r - a potion of magic {unknown}
 t - a potion of mutation {unknown}
 w - 4 potions of berserk rage
 x - 2 potions of flight {unknown}
 A - 2 potions of lignification
 C - 3 potions of attraction


   Skills:
 - Level 7.0 Fighting
 + Level 6.7 Armour
 + Level 7.1 Dodging
 - Level 2.0 Stealth
 + Level 2.9 Shields
 + Level 7.3 Spellcasting
 + Level 5.7 Conjurations
 + Level 6.5 Necromancy
 - Level 4.0 Transmutations
 + Level 1.5 Air Magic
 + Level 1.7 Earth Magic
 - Level 8.0 Poison Magic


You had 16 spell levels left.
You knew the following spells:

 Your Spells              Type           Power      Damage    Failure   Level
a - Sting                 Tmut/Pois      100%       1d8       1%          1
b - Olgreb's Toxic Radia  Pois           43%        N/A       3%          4
c - Animate Skeleton      Necr           74%        N/A       1%          1
d - Vampiric Draining     Necr           37%        2d8       2%          3

Your spell library contained the following spells:

 Spells                   Type           Power      Damage    Failure   Level
 Pain                     Necr           100%       1d9       1%          1
 Poisonous Vapours        Pois/Air       58%        N/A       2%          2
 Corpse Rot               Necr/Air       50%        N/A       3%          2
 Static Discharge         Conj/Air       24%        N/A       3%          2
 Mephitic Cloud           Conj/Pois/Air  30%        N/A       3%          3
 Hailstorm                Conj/Ice       20%        3d6       32%         4
 Ice Form                 Ice/Tmut       16%        N/A       41%         4
 Lightning Bolt           Conj/Air       12%        1d25      54%         5
 Simulacrum               Ice/Necr       11%        N/A       99%         6
 Maxwell's Capacitive Co  Air            7%         ∞         100%        8


Dungeon Overview and Level Annotations

Branches:
Dungeon (10/15)            Temple (1/1) D:5            Lair (2/6) D:9
    Orc (0/2) D:9
  Swamp: Lair:2-4    Shoals: Lair:2-4     Snake: Lair:2-4    Spider: Lair:2-4

Altars:
Ashenzari
Cheibriados
Dithmenos
Elyvilon
Fedhas
Gozag
Hepliaklqana
Kikubaaqudgha
Makhleb
Nemelex Xobeh
Okawaru
Qazlal
Ru
Sif Muna
Trog
Uskayaw
Vehumet
Wu Jian
Xom
Yredelemnul
Zin
The Shining One


Innate Abilities, Weirdness & Mutations

You are a tree.
Your roots penetrate the ground, keeping you stationary.
You cannot be teleported.
You are immune to unholy pain and torment.
Your maximum health is greatly increased.
Your equipment is partially melded.
((You are mostly covered in thin metallic scales. (AC +3)))
A weak demonic guardian rushes to your aid.
You regenerate health from kills.
((Your touch may inflict irresistible damage on your foes.))


Message History

You feel very sick. The seven-headed hydra bites you.
The seven-headed hydra misses you.
You block the seven-headed hydra's attack.
The seven-headed hydra bites you!
The seven-headed hydra closely misses you.
The seven-headed hydra bites you!
* * * LOW HITPOINT WARNING * * *
A demonic guardian appears!
The seven-headed hydra bites you but does no damage.
As you read the scroll labelled SANELI LAM, it crumbles to dust.
It is a scroll of brand weapon.
Your +1 short sword of venom is covered with a thin layer of ice!
n - a +1 short sword of freezing (weapon)
You feel very sick.
The black mamba looks more healthy.
The seven-headed hydra closely misses you.
The seven-headed hydra bites you but does no damage.
The seven-headed hydra bites you.
* * * LOW HITPOINT WARNING * * *
The seven-headed hydra bites you.
* * * LOW HITPOINT WARNING * * *
You block the seven-headed hydra's attack.
The seven-headed hydra barely misses you.
The seven-headed hydra bites you but does no damage.
Your white imp hits the seven-headed hydra.
Your white imp freezes the seven-headed hydra.
The seven-headed hydra seems to slow down.
It was a potion of lignification.
You turn into a tree.
Your +1 hat melds into your body.
Your +0 pair of gloves melds into your body.
Your +2 ring mail of fire resistance melds into your body.
You feel less resistant to fire.
Your roots penetrate the ground.
* * * LOW HITPOINT WARNING * * *
You feel sick.
The seven-headed hydra bites you but does no damage. x2
The seven-headed hydra barely misses you.
The seven-headed hydra bites you but does no damage.
The seven-headed hydra bites you!
You die...
Kikubaaqudgha rasps: "You have failed me!
Welcome... death!"

..F.......
.........#
........#
.......P###
#.........###
............##
............P#
.............#####
...............#♣#
...Z...........D##
....#.###.....5.##
....### ##.......#
.≈.## #.#.)......#
≈≈.# ####.......#
≈..## #.........
≈≈≈.# #.........
≈≈.## ###.......


You could see a seven-headed hydra (poisoned, slow, ally target) and a friendly
white imp (summoned).

Vanquished Creatures
  A centaur warrior (D:9)
  A two-headed ogre (D:8)
  A black mamba (Lair:2)
  A cyclops (D:9)
  2 cane toads
  A rime drake (Lair:2)
  The ghost of Strat the Conjurer, a novice DgCj (D:5)
  Psyche (D:9)
  2 komodo dragons
  Prince Ribbit (D:8)
  A hornet (Lair:2)
  4 blink frogs (Lair:2)
  Sigmund (D:3)
  12 yaks
  A wyvern (D:7)
  A basilisk (Lair:2)
  The ghost of Extell the Cudgeller, an amateur HuCA of Ignis (D:4)
  A steam dragon (D:8)
  Edmund (D:5)
  7 orc warriors
  4 water moccasins
  A black bear (D:5)
  2 ice beasts (D:7)
  A sky beast (D:7)
  10 wolves
  2 ogres (D:5)
  A centaur (D:6)
  2 phantoms
  2 kobold brigands
  Blork the orc (D:5)
  8 bullfrogs
  2 gnoll sergeants
  2 scorpions
  A water moccasin zombie (D:6)
  8 wights
  3 killer bees (D:9)
  2 electric eels (D:9)
  3 howler monkeys (D:8)
  A centaur zombie (D:5)
  2 gnoll shamans (D:5)
  9 orc priests
  5 hounds
  A jelly (D:4)
  Jessica (D:3)
  A scorpion zombie (D:4)
  Ijyb (D:5)
  Terence (D:3)
  12 orc wizards
  A killer bee zombie (D:5)
  A hound zombie (D:5)
  A hound skeleton (D:5)
  Robin (D:3)
  13 gnolls
  7 adders
  A white imp (D:7)
  2 adder skeletons
  A worm (D:3)
  2 dart slugs (D:2)
  31 orcs
  4 bats (D:1)
  9 endoplasms
  A giant cockroach (D:3)
  14 goblins
  6 hobgoblins
  5 kobolds
  2 quokkas
  A ball python (D:1)
  3 frilled lizards
  3 rats
240 creatures vanquished.

Vanquished Creatures (collateral kills)
  Sonja (Lair:1)
  3 cane toads
  A troll (D:9)
  A blink frog (Lair:2)
  A yak (D:9)
  2 water moccasins (Lair:2)
  A sky beast (D:7)
  A centaur (D:7)
  A wight (D:9)
  A centaur zombie (D:6)
  A jelly (D:6)
  An orc priest (D:3)
  An orc (D:3)
  2 rats (D:3)
18 creatures vanquished.

Vanquished Creatures (others)
  23 fungi (Lair:2)
  85 plants
108 creatures vanquished.

Grand Total: 366 creatures vanquished

Notes
Turn   | Place    | Note
-------+----------+-------------------------------------------
     0 | D:1      | vvl the Demonspawn Venom Mage began the quest for the Orb.
     0 | D:1      | Reached XP level 1. HP: 13/13 MP: 3/3
   157 | D:1      | Found a faded altar of an unknown god.
   164 | D:1      | Reached skill level 1 in Transmutations
   315 | D:1      | Gained mutation: You regenerate a little health from kills.
                  | [demonic ancestry]
   315 | D:1      | Reached XP level 2. HP: 19/19 MP: 3/5
  1140 | D:2      | Gained mutation: A weak demonic guardian rushes to your
                  | aid. [demonic ancestry]
  1140 | D:2      | Reached XP level 3. HP: 21/25 MP: 2/6
  1771 | D:2      | Reached skill level 1 in Fighting
  2135 | D:3      | Gained mutation: You regenerate health from kills. [demonic
                  | ancestry]
  2135 | D:3      | Reached XP level 4. HP: 28/32 MP: 4/7
  2324 | D:3      | Noticed Sigmund
  2365 | D:3      | Noticed Robin
  2371 | D:3      | Noticed Terence
  3125 | D:3      | Killed Sigmund
  3126 | D:3      | Reached skill level 1 in Armour
  3126 | D:3      | Reached skill level 4 in Poison Magic
  3126 | D:3      | Gained mutation: Your touch may inflict minor irresistible
                  | damage on your foes. [demonic ancestry]
  3126 | D:3      | Reached XP level 5. HP: 16/38 MP: 2/9
  3126 | D:3      | Reached XP level 6. HP: 18/44 MP: 2/10
  3510 | D:3      | Found a broken altar of Ashenzari.
  3547 | D:3      | Noticed Jessica
  3552 | D:3      | Killed Jessica
  3842 | D:3      | Killed Robin
  3853 | D:3      | Killed Terence
  4128 | D:4      | You fall into a shaft and drop 3 floors!
  4139 | D:7      | Noticed an ice beast
  4160 | D:7      | Killed an ice beast
  4408 | D:7      | Found a hazy altar of Hepliaklqana.
  4414 | D:7      | Found a basalt altar of Yredelemnul.
  4419 | D:7      | Found a snail-covered altar of Cheibriados.
  4468 | D:7      | Noticed a sky beast
  4478 | D:7      | Killed a sky beast
  4479 | D:7      | Reached skill level 5 in Poison Magic
  4479 | D:7      | Reached XP level 7. HP: 33/51 MP: 6/11
  5633 | D:5      | Entered Level 5 of the Dungeon
  5648 | D:5      | Found a transporter.
  5649 | D:5      | Noticed Strat's ghost (novice DgCj)
  5654 | D:5      | Found a transporter.
  5672 | D:5      | Noticed Edmund
  6319 | D:6      | Gained mutation: You are partially covered in thin metallic
                  | scales. (AC +2) [demonic ancestry]
  6319 | D:6      | Reached XP level 8. HP: 14/58 MP: 9/13
  6846 | D:5      | Found a staircase to the Ecumenical Temple.
  7149 | D:4      | Found a transporter.
  7177 | D:4      | Found a transporter.
  7177 | D:4      | Noticed Extell's ghost (amateur HuCA)
  7193 | D:4      | Reached skill level 6 in Poison Magic
  7296 | D:4      | Found a shadowy altar of Dithmenos.
  8067 | D:4      | Learned a level 4 spell: Olgreb's Toxic Radiance
  8618 | D:5      | Noticed Ijyb
  8627 | D:5      | Killed Ijyb
  8760 | D:5      | Found a sacrificial altar of Ru.
  8973 | D:5      | Found an iron altar of Okawaru.
  8975 | D:5      | Found a shimmering blue altar of Sif Muna.
  8978 | D:5      | Found a radiant altar of Vehumet.
  9014 | D:5      | Noticed Blork the orc
  9021 | D:5      | Killed Blork the orc
  9632 | D:7      | Reached XP level 9. HP: 60/65 MP: 5/15
  9976 | D:8      | Noticed a two-headed ogre
  9991 | D:8      | Killed a two-headed ogre
  9992 | D:8      | Reached skill level 5 in Spellcasting
  9992 | D:8      | Reached skill level 1 in Conjurations
  9992 | D:8      | Reached skill level 1 in Necromancy
 10195 | D:7      | Reached skill level 7 in Poison Magic
 10790 | D:7      | Reached skill level 5 in Dodging
 11672 | D:8      | Reached skill level 5 in Fighting
 11710 | D:8      | Noticed Prince Ribbit
 11721 | D:8      | Killed Prince Ribbit
 12010 | D:8      | Reached XP level 10. HP: 68/74 MP: 9/18
 12910 | D:9      | Reached skill level 5 in Armour
 12983 | D:9      | Found a staircase to the Lair.
 13429 | D:9      | Found a stormy altar of Qazlal.
 14422 | D:9      | Found a bloodstained altar of Trog.
 14450 | D:9      | Found a staircase to the Orcish Mines.
 14556 | D:9      | Noticed Psyche
 14563 | D:9      | Killed Psyche
 14564 | D:9      | Reached skill level 8 in Poison Magic
 14580 | D:9      | Noticed a cyclops
 14586 | D:9      | Killed a cyclops
 14777 | D:9      | Noticed a centaur warrior
 14800 | D:9      | HP: 3/76 [centaur warrior (5)]
 14801 | D:9      | Killed a centaur warrior
 14802 | D:9      | Reached skill level 5 in Necromancy
 14802 | D:9      | Gained mutation: Your touch may inflict irresistible damage
                  | on your foes. [demonic ancestry]
 14802 | D:9      | Reached XP level 11. HP: 2/81 MP: 11/20
 15724 | D:4      | Killed Extell's ghost
 15957 | D:5      | Killed Edmund
 16040 | Temple   | Entered the Ecumenical Temple
 16147 | Temple   | Became a worshipper of Kikubaaqudgha
 16246 | D:5      | Killed Strat's ghost
 16452 | D:10     | Entered Level 10 of the Dungeon
 16511 | Lair:1   | Entered Level 1 of the Lair of Beasts
 16624 | Lair:1   | HP: 3/83 [poisoned by a cane toad]
 17259 | Lair:1   | HP: 3/83 [cane toad (10)]
 17263 | Lair:1   | Reached skill level 1 in Shields
 17752 | Lair:1   | Reached skill level 5 in Conjurations
 18370 | Lair:1   | Noticed Sonja
 18376 | Lair:1   | Killed Sonja
 18691 | Lair:2   | Reached * piety under Kikubaaqudgha
 18691 | Lair:2   | Received a gift from Kikubaaqudgha
 18694 | Lair:2   | Learned a level 1 spell: Animate Skeleton
 18698 | Lair:2   | Learned a level 3 spell: Vampiric Draining
 19013 | Lair:2   | Reached skill level 1 in Earth Magic
 19022 | Lair:2   | Reached skill level 1 in Air Magic
 19247 | Lair:2   | Gained mutation: You are mostly covered in thin metallic
                  | scales. (AC +3) [demonic ancestry]
 19247 | Lair:2   | Reached XP level 12. HP: 62/91 MP: 16/23
 19350 | Lair:2   | Noticed a seven-headed hydra
 19381 | Lair:2   | HP: 4/91 [seven-headed hydra (6)]
 19382 | Lair:2   | Slain by a seven-headed hydra

Illustrated notes

Levels and vault maps discovered:
D:1:      lemuel_arrival_hallway, layout_basic,
          hellmonk_ecumenical_altar_zigzags
D:2:      layout_loops_ring
D:3:      layout_rooms, overflow_temple_1_default, minmay_misc_feat_doors,
          guppyfry_early_lair_pool, uniq_jessica, uniq_sigmund, uniq_terence,
          uniq_robin
D:4:      layout_gridville, mainiacjoe_overflow_surrounded_room,
          mainiacjoe_overflow_boulevard, gammafunk_ghost_arena
D:5:      layout_loops_ring, kennysheep_little_box, minitemple,
          minmay_temple_entry_poolview, gammafunk_ghost_smash,
          nicolae_grassy_gnolls, uniq_ijyb, uniq_edmund, uniq_blork_the_orc
D:6:      layout_loops_ring
D:7:      layout_loops_ring, minmay_overflow_temple_star_quad
D:8:      layout_layer_cave, uniq_prince_ribbit1
D:9:      layout_irregular_city, nicolae_qazlal_general_emergency,
          kennysheep_mini, erik_lair_island, david_orc_4, st_stairs_6,
          uniq_psyche
D:10:     layout_cave_pods, serial_shops, shop, grunt_ministairs_2,
          lightli_corner_chamber
Temple:   eino_temple_lava
Lair:1:   layout_cave_pods, gauntlet_entry_generic, uniq_sonja
Lair:2:   minmay_lair_venomous_thicket, layout_hall_layers, ldierk_geyser

Skill      XL: |  1  2  3  4  5  6  7  8  9 10 11 |
---------------+----------------------------------+-----
Transmutations | 1 2 3 4 |  4.0
Dodging        | 2 3 4 5 6 7 |  7.1
Stealth        | 2 |  2.0
Fighting       | 1 2 3 4 5 6 7 |  7.0
Armour         | 1 2 3 4 5 6 |  6.7
Poison Magic   | 4 5 6 7 8 |  8.0
Spellcasting   | 3 4 5 6 7 |  7.3
Conjurations   | 2 4 5 |  5.7
Necromancy     | 3 5 6 |  6.5
Shields        | 2 |  2.9
Earth Magic    | 1 |  1.7
Air Magic      | 1 |  1.5

Action                   |  1- 3 |  4- 6 |  7- 9 | 10-12 || total
-------------------------+-------+-------+-------+-------++-------
Melee: Unarmed           |    18 |       |       |     3 ||    21
       Spear             |     8 |    26 |   228 |   153 ||   415
       Touch             |       |     4 |    41 |    31 ||    76
       Short sword       |       |       |       |    69 ||    69
       Punch             |       |       |       |     1 ||     1
 Cast: Sting             |    46 |    65 |   198 |   214 ||   523
       Olgreb's Toxic Ra |       |       |     3 |    28 ||    31
       Animate Skeleton  |       |       |       |     9 ||     9
       Vampiric Draining |       |       |       |     3 ||     3
Evoke: Wand              |       |       |       |     5 ||     5
  Use: Scroll            |       |       |     4 |     8 ||    12
       Potion            |       |       |       |     8 ||     8
 Stab: Distracted        |       |       |     1 |     2 ||     3
       Confused          |       |       |       |     1 ||     1
Armor: Robe              |    13 |    14 |    33 |       ||    60
       Ring mail         |       |       |    92 |   163 ||   255
       Skin              |       |       |       |     3 ||     3
Dodge: Dodged            |    20 |    62 |   227 |   276 ||   585
Block: Buckler           |       |       |       |    33 ||    33
